 Dungeon Crawl Stone Soup version 0.22-a0-412-g2b68d144a4 (webtiles) character file.

72 Chiseanne the Thaumaturge (level 4, -1/38 HPs)
             Began as a Gnoll Wanderer on May 12, 2018.
             Slain by a goblin
             ... wielding a +0 dagger
             ... led by Robin
              (4 damage)
             ... on level 2 of the Dungeon.
             The game lasted 00:03:42 (1846 turns).

Chiseanne the Thaumaturge (Gnoll Wanderer)          Turns: 1846, Time: 00:03:42

Health: -1/38      AC:  3    Str: 16    XL:     4   Next: 25%
Magic:  15/15      EV: 12    Int: 14    God:
Gold:   52         SH:  0    Dex: 14    Spells: 21/21 levels left

rFire    . . .     SeeInvis .   b - +0 hand axe
rCold    . . .     Gourm    .   (no shield)
rNeg     . . .     Faith    .   d - +0 robe
rPois    .         Spirit   .   e - +1 hat
rElec    .         Reflect  .   (no cloak)
rCorr    .         Harm     .   (no gloves)
MR       .....                  (no boots)
Stlth    ++........             (no amulet)
HPRegen  0.12/turn              (no ring)
MPRegen  0.14/turn              (no ring)

@: no status effects
A: distributed training, fangs 1, strong nose
a: no special abilities


You were on level 2 of the Dungeon.
You were not hungry.

You visited 1 branch of the dungeon, and saw 2 of its levels.

You collected 52 gold pieces.

Inventory:

Hand Weapons
 b - a +0 hand axe (weapon)
 h - a +0 hunting sling
 l - a +1 hunting sling of flaming
Missiles
 a - 83 stones (quivered)
Armour
 d - a +0 robe (worn)
 e - a +1 hat (worn)
Scrolls
 c - 2 scrolls of teleportation
 g - a scroll of remove curse
 i - a scroll of blinking {unknown}
 j - 2 scrolls of immolation {unknown}
Comestibles
 f - a ration
 k - 3 chunks of flesh


   Skills:
 + Level 4.6 Fighting
 + Level 1.0 Short Blades
 + Level 1.0 Long Blades
 + Level 1.0 Axes
 + Level 2.7 Maces & Flails
 + Level 1.0 Polearms
 + Level 1.0 Staves
 + Level 1.0 Slings
 + Level 1.0 Bows
 + Level 1.0 Crossbows
 + Level 1.0 Throwing
 + Level 1.0 Armour
 + Level 1.0 Dodging
 + Level 2.5 Stealth
 + Level 2.7 Shields
 + Level 1.0 Unarmed Combat
 + Level 9.3 Spellcasting
 + Level 0.8 Conjurations
 + Level 0.8 Hexes
 + Level 0.8 Charms
 + Level 0.8 Summonings
 + Level 0.8 Necromancy
 + Level 0.8 Translocations
 + Level 0.8 Transmutations
 + Level 2.2 Fire Magic
 + Level 0.8 Ice Magic
 + Level 0.8 Air Magic
 + Level 0.8 Earth Magic
 + Level 0.8 Poison Magic
 + Level 1.1 Invocations
 + Level 1.0 Evocations


You had 21 spell levels left.
You didn't know any spells.
Your spell library contained the following spells:

 Spells                   Type           Power        Failure   Level  Hunger
 Fireball                 Conj/Fire      ##........   86%         5    #####..
 Conjure Flame            Conj/Fire      ##......     19%         3    #......
 Throw Flame              Conj/Fire      ##....       9%          2    None
 Sticky Flame             Conj/Fire      ##......     52%         4    ###....
 Flame Tongue             Conj/Fire      ##...        6%          1    None
 Inner Flame              Hex/Fire       ##......     19%         3    #......


Dungeon Overview and Level Annotations

Branches:
Dungeon (2/15)

Altars:

Annotations:
D:2 1 runed door, Robin


Innate Abilities, Weirdness & Mutations

Your experience applies equally to all skills.
You have very sharp teeth.
Your uncanny sense of smell can sniff out nearby items.


Message History

The goblin is heavily wounded.
You hit Robin. You miss the goblin. You barely miss the goblin.
The goblin hits you but does no damage. Robin barely misses you.
The goblin barely misses you. The goblin closely misses you.
You hit the goblin.
The goblin is severely wounded.
You closely miss the goblin. You hit the goblin. You hit Robin.
The goblin hits you with a dagger.
* * * LOW HITPOINT WARNING * * *
The goblin hits you with a dagger.
* * * LOW HITPOINT WARNING * * *
The goblin completely misses you. The goblin hits you with a dagger.
* * * LOW HITPOINT WARNING * * *
You aren't carrying any potions.
As you read the scroll labeled QIMADI GIBE, it crumbles to dust.
You feel blessed for a moment.
It was a scroll of remove curse.
The goblin hits you with a dagger.
* * * LOW HITPOINT WARNING * * *
The goblin closely misses you. The goblin hits you with a dagger.
You die...

#.# # #.# #.#.#
# #.#.# .#
#.#.##.####
#####..g.......
.....bggg..#
#@# .. #g##.#
#########.##.#
>.........##.#
#.######..##.#
#.....# # #
#.##..# .#.
#.##..######.#
#.##.......#.#


You could see Robin, 4 goblins and a bat.

Vanquished Creatures
  An adder (D:2)
  An ooze (D:1)
  2 worms (D:2)
  3 leopard geckos
  5 giant cockroaches
  6 goblins
  5 hobgoblins
  A ball python (D:2)
  8 bats
  2 frilled lizards
  7 kobolds
  7 rats
48 creatures vanquished.

Notes
Turn   | Place    | Note
-------+----------+-------------------------------------------
     0 | D:1      | Reached skill level 9 in Spellcasting
     0 | D:1      | Chiseanne the Gnoll Wanderer began the quest for the Orb.
     0 | D:1      | Chiseanne set off with: a +0 hand axe, a scroll of teleportation, a +0 robe, a ration
     0 | D:1      | Reached XP level 1. HP: 20/20 MP: 10/10
    32 | D:1      | Reached XP level 2. HP: 26/26 MP: 12/12
   552 | D:1      | Reached XP level 3. HP: 31/31 MP: 13/13
  1148 | D:2      | Reached skill level 1 in Invocations
  1268 | D:2      | Reached skill level 1 in Short Blades
  1268 | D:2      | Reached skill level 1 in Long Blades
  1268 | D:2      | Reached skill level 1 in Axes
  1268 | D:2      | Reached skill level 1 in Polearms
  1268 | D:2      | Reached skill level 1 in Staves
  1268 | D:2      | Reached skill level 1 in Slings
  1268 | D:2      | Reached skill level 1 in Bows
  1268 | D:2      | Reached skill level 1 in Crossbows
  1268 | D:2      | Reached skill level 1 in Throwing
  1268 | D:2      | Reached skill level 1 in Armour
  1268 | D:2      | Reached skill level 1 in Dodging
  1268 | D:2      | Reached skill level 1 in Unarmed Combat
  1268 | D:2      | Reached skill level 1 in Evocations
  1279 | D:2      | Reached XP level 4. HP: 16/38 MP: 15/15
  1731 | D:2      | Found a runed door.
  1835 | D:2      | Noticed Robin
  1846 | D:2      | Slain by a goblin

Vault maps used:
D:1:      dpeg_arrival_prison, minmay_cupped
D:2:      chequers_temple_overflow_minitemple, minmay_small_reverse_x,
          uniq_robin, uniq_crazy_yiuf_cottage

Skill      XL: |  1  2  3 |
---------------+----------+-----
Spellcasting   | |  9.3
Fire Magic     | 2 |  2.2
Invocations    | 1 |  1.1
Short Blades   | 1 |  1.0
Long Blades    | 1 |  1.0
Axes           | 1 |  1.0
Polearms       | 1 |  1.0
Staves         | 1 |  1.0
Slings         | 1 |  1.0
Bows           | 1 |  1.0
Crossbows      | 1 |  1.0
Throwing       | 1 |  1.0
Armour         | 1 |  1.0
Dodging        | 1 |  1.0
Unarmed Combat | 1 |  1.0
Evocations     | 1 |  1.0
Fighting       | |  4.6
Maces & Flails | |  2.7
Stealth        | |  2.5
Shields        | |  2.7
Conjurations   | |  0.8
Hexes          | |  0.8
Charms         | |  0.8
Summonings     | |  0.8
Necromancy     | |  0.8
Translocations | |  0.8
Transmutations | |  0.8
Ice Magic      | |  0.8
Air Magic      | |  0.8
Earth Magic    | |  0.8
Poison Magic   | |  0.8

Action                   |  1- 3 |  4- 6 || total
-------------------------+-------+-------++-------
Melee: Hand axe          |   107 |    23 ||   130
       Bite              |     9 |     2 ||    11
 Fire: Hunting sling     |       |     6 ||     6
  Use: Scroll            |       |     1 ||     1
 Stab: Sleeping          |     5 |     1 ||     6
  Eat: Chunk             |       |     3 ||     3
Armor: Robe              |    44 |    11 ||    55
Dodge: Dodged            |    87 |    22 ||   109

Table legend:
 A = Spawn XP
 B = Non-spawn XP
 C = Spawn XP percentage of total XP
 D = Spawn monster count
 E = Non-spawn monster count
 F = Spawn count percentage of total count
 G = Total turns spent on level
                    A         B        C        D         E        F      G
               +---------+---------+-------+---------+---------+-------+---------
         Total |       0 |     103 |   0.0 |       0 |      48 |   0.0 |  1846
               +---------+---------+-------+---------+---------+-------+---------
           D:1 |       0 |      55 |   0.0 |       0 |      31 |   0.0 |  1209
           D:2 |       0 |      48 |   0.0 |       0 |      17 |   0.0 |   637
               +---------+---------+-------+---------+---------+-------+---------
